 Dungeon Crawl Stone Soup version 0.16-a0-3394-g83d1dde (webtiles) character file.

3 Gorice the Magician (level 1, 0/11 HPs)
             Began as a High Elf Wanderer on Dec 30, 2014.
             Slain by a hobgoblin (3 damage)
             ... on level 1 of the Dungeon.
             The game lasted 00:04:43 (660 turns).

Gorice the Magician (High Elf Wanderer)              Turns: 660, Time: 00:04:43

Health: 0/11       AC:  6    Str:  9    XL:     1   Next: 41%
Magic:  3/4        EV:  9    Int: 14    God:
Gold:   0          SH:  0    Dex: 17    Spells: 1 memorised, 3 levels left

rFire  . . .     SeeInvis .     a - +0 dagger
rCold  . . .     Clarity  .     c - +0 ring mail
rNeg   . . .     SustAb   .     (no shield)
rPois  .         Gourm    .     (no helmet)
rElec  .         Spirit   .     (no cloak)
rCorr  .         Warding  .     (no gloves)
rMut   .         Stasis   .     e - +0 pair of boots
MR     .....                    (no amulet)
Stlth  +.........               (no ring)
                                (no ring)

@: not resistant to hostile enchantments, very unstealthy
A: no striking features
a: no special abilities


You were on level 1 of the Dungeon.
You were not hungry.

You visited 1 branch of the dungeon, and saw 1 of its levels.

Inventory:

Hand weapons
 a - a +0 dagger (weapon)
Missiles
 Z - 19 stones (quivered)
Armour
 c - a +0 ring mail (worn)
 e - a +0 pair of boots (worn)
Books
 b - the Compendium of Displacement

   Spells                             Type                      Level
   a - Apportation                    Translocation                1
   b - Blink                          Translocation                2
 d - a book of Minor Magic
Comestibles
 f - a bread ration


   Skills:
   Level 1.0 Maces & Flails
 - Level 1.1 Throwing
 - Level 1.7 Armour
 - Level 1.1 Stealth
 - Level 2.4 Spellcasting
 + Level 1.0 Conjurations
   Level 2.0 Hexes
   Level 1.1 Transmutations


You had 3 spell levels left.
You knew the following spells:

 Your Spells              Type           Power        Failure   Level  Hunger
a - Magic Dart            Conj           #...         30%         1    #......


Dungeon Overview and Level Annotations

Branches:
Dungeon (1/15)

Altars:


Message History

The hobgoblin is moderately wounded.
The hobgoblin hits you but does no damage.
Things that are here:
a club; a hobgoblin skeleton
Things that are here:
a club; a hobgoblin skeleton A goblin comes into view.
The goblin shouts!
The hobgoblin hits you but does no damage.
Your magical contamination has completely faded away.
All of the chunks of flesh in your inventory have rotted away.
Casting: Magic Dart
Confirm with . or Enter, or press ? or * to list all spells.
Aiming: Magic Dart
Press: ? - help, Shift-Dir - straight line, f/p - kobold
Aim: a kobold The magic dart hits the hobgoblin.
The hobgoblin is heavily wounded.
The hobgoblin hits you.
You die...

..# #.###..# #.#
#.#...♣# #.## #......#
#..###....######
#...#.K.[.'....#
#.....##..'....#
###....####.'....#
####........)..'...<#
###........#@##..######
###...#......#g##...♣#
#...###.##...#g##....#
.##.##....##...#.####..#
....((.######.##K####.♣#
........# ####....K..#
.K#####...# #.......## .
##..............#
#####.........#


You could see a hobgoblin, a goblin and a kobold.

Vanquished Creatures
  A goblin (D:1)
  A hobgoblin (D:1)
  A bat (D:1)
3 creatures vanquished.

Notes
Turn   | Place    | Note
--------------------------------------------------------------
     0 | D:1      | Gorice, the High Elf Wanderer, began the quest for the Orb.
     0 | D:1      | Gorice set off with: a book of Minor Magic, the Compendium of Displacement, a +0 ring mail, a +0 dagger, a bread ration
     0 | D:1      | Reached XP level 1. HP: 11/11 MP: 4/4
     0 | D:1      | Identified the Compendium of Displacement
     2 | D:1      | Learned a level 1 spell: Magic Dart
   420 | D:1      | Reached skill level 1 in Conjurations
   660 | D:1      | Slain by a hobgoblin

Action                   || total
-------------------------++-------
Melee: Dagger            ||    28
Throw: Stone             ||     4
 Cast: Magic Dart        ||    14

Table legend:
 A = Turns spent in this place as a percentage of turns spent in the entire game.
 B = Non-inter-level travel turns spent in this place as a percentage of non-inter-level travel turns spent in the entire game.
 C = Inter-level travel turns spent in this place as a percentage of turns spent in this place.
 D = Turns resting spent in this place as a percentage of non-inter-level travel turns spent in this place.
 E = Turns spent auto-exploring this place as a percentage of non-inter-level travel turns spent in this place.
 F = Non-inter-level travel turns spent in this place divided by the number of levels of this place that you've seen.
                   A       B       C       D       E      F
               +-------+-------+-------+-------+-------+----------------------
         Total | 100.0 | 100.0 |   0.0 |   4.9 |   0.8 | 246.0
       Dungeon | 100.0 | 100.0 |   0.0 |   4.9 |   0.8 | 246.0
               +-------+-------+-------+-------+-------+----------------------

Vault maps used:
D:1:      sevenhm_arrival_forest_fort_small_6
